 Dungeon Crawl Stone Soup version 0.31-a0-986-g5e6e4ef867 (webtiles) character file.

Game seed: 14124032052716410871

51 promet the Magician (level 3, -4/23 HPs)
             Began as an Octopode Hedge Wizard on Nov 10, 2023.
             Slain by a gnoll
             ... wielding a +0 spear
              (6 damage)
             ... on level 2 of the Dungeon.
             The game lasted 00:12:26 (2404 turns).

promet the Magician (Octopode Hedge Wizard)         Turns: 2404, Time: 00:12:28

Health: -4/23      AC:  1    Str:  8 (9)  XL:     3   Next: 83%
Magic:  6/8        EV: 13    Int: 17 (18) God:
Gold:   62         SH:  0    Dex:  8 (11) Spells: 3/9 levels left

rFire   + . .        a - +2 dagger (speed)
rCold   + . .        (no shield)
rNeg    . . .        b - +0 hat
rPois   +            (no amulet)
rElec   +            (no ring)
rCorr   +            (no ring)
SInv    .            (no ring)
Will    .....        (no ring)
Stlth   +++          (no ring)
HPRegen 0.23/turn    (no ring)
MPRegen 0.11/turn    (no ring)
                     (no ring)

%: no passive effects
@: resistant, very slightly contaminated
A: almost no armour, amphibious, 8 rings, camouflage 1, gelatinous body 1,
(nimble swimmer 1), tentacles
a: no special abilities


You were on level 2 of the Dungeon.
You visited 1 branch of the dungeon, and saw 2 of its levels.

You collected 62 gold pieces.

Inventory:

Hand Weapons
 a - a +2 dagger of speed (weapon)
 h - a +1 antimagic dagger
Missiles
 i - 3 stones
Armour
 b - a +0 hat (worn)
Jewellery
 d - an amulet of guardian spirit
Scrolls
 e - 2 scrolls of teleportation
Potions
 c - 3 potions of magic
 g - 2 potions of attraction


   Skills:
 * Level 1.3 Fighting
 + Level 2.1 Dodging
 + Level 2.9 Stealth
 + Level 3.8 Spellcasting
 + Level 1.1 Conjurations
 + Level 0.4 Hexes
 + Level 1.0 Summonings
 + Level 1.0 Translocations


You had 3 spell levels left.
You knew the following spells:

 Your Spells              Type           Power      Damage    Failure   Level
a - Magic Dart            Conj           28%        1d4       10%         1
b - Slow                  Hex            16%        N/A       14%         1
c - Blink                 Tloc           12%        N/A       16%         2
d - Call Imp              Summ           12%        N/A       16%         2

Your spell library contained the following spells:

 Spells                   Type           Power      Damage    Failure   Level
 Cigotuvi's Dreadful Rot  Necr/Pois/Air  6%         N/A       24%         2
 Mephitic Cloud           Conj/Pois/Air  4%         N/A       38%         3


Dungeon Overview and Level Annotations

Branches:
Dungeon (2/15)

Altars:

Annotations:
D:2 Sigmund


Innate Abilities, Weirdness & Mutations

You cannot wear most types of armour.
You are amphibious.
You can wear up to eight rings at the same time.
Your skin changes colour to match your surroundings (Stealth+).
Your rubbery body absorbs attacks. (AC +1, EV +1)
((You are camouflaged when in or above water. (Stealth+)))
You have tentacles for arms and can constrict up to eight enemies at once.


Message History

Aim: a gnoll, wielding a +0 spear (lightly wounded, ally target, 100% to hit)
The magic dart hits the gnoll.
The gnoll is moderately wounded.
The gnoll hits you from afar with a +0 spear!
* * * LOW HITPOINT WARNING * * *
Your cerulean imp hits the gnoll with a -4 spear.
It was a potion of resistance.
You feel protected.
Your cerulean imp hits the gnoll with a -4 spear.
The gnoll hits you from afar with a +0 spear.
* * * LOW HITPOINT WARNING * * *
Casting: Magic Dart (safe; 10% risk of failure)
Confirm with . or Enter, or press ? or * to list all spells.
Okay, then.
Your cerulean imp hits the gnoll but does no damage.
The gnoll closely misses you. The gnoll barely misses you.
Your cerulean imp barely misses the gnoll.
Magic courses through your body.
Your cerulean imp barely misses the gnoll.
The gnoll closely misses you.
Casting: Magic Dart (safe; 10% risk of failure)
Confirm with . or Enter, or press ? or * to list all spells.
Aiming: Magic Dart (safe; 10% risk of failure)
Press: ? - help, Shift-Dir - straight line, f/p - gnoll
Aim: a gnoll, wielding a +0 spear (severely wounded, ally target, 100% to hit)
The magic dart hits the gnoll but does no damage.
The gnoll is severely wounded.
The gnoll barely misses you.
Your cerulean imp closely misses the gnoll.
Casting: Magic Dart (safe; 10% risk of failure)
Confirm with . or Enter, or press ? or * to list all spells.
Aiming: Magic Dart (safe; 10% risk of failure)
Press: ? - help, Shift-Dir - straight line, f/p - gnoll
Aim: a gnoll, wielding a +0 spear (heavily wounded, ally target, 100% to hit)
The magic dart hits the gnoll but does no damage.
The gnoll is heavily wounded.
Your cerulean imp hits the gnoll but does no damage.
The gnoll hits you from afar with a +0 spear.
You die...

#### #...# .... #...#####
#### ###<.......
#.......... ###.###....S.
### #............ ..#
#.......###+# #.# #.# ..
######.......# #.# #.# ..
#@...........# #.# #.#
.#####........##### #.#
#.# #...##.5g.....# #.#
#.# #...##...)....# #.#
#.#####.^.##........#
#.###.#.......##........#
#.....'........'.......†#
#######.....####........#
#.....# #........#


You could see a gnoll (ally target) and a friendly cerulean imp (summoned).

Vanquished Creatures
  An adder (D:2)
  A worm (D:2)
  A ball python (D:1)
  4 bats (D:1)
  An endoplasm (D:1)
  3 giant cockroaches
  A goblin (D:1)
  2 hobgoblins (D:1)
  2 jackals (D:1)
  2 quokkas
  2 frilled lizards (D:1)
  3 kobolds
  4 rats
27 creatures vanquished.

Vanquished Creatures (collateral kills)
  A worm (D:2)
  A dart slug (D:1)
  A jackal (D:1)
  2 kobolds
  A ball python (D:2)
6 creatures vanquished.

Grand Total: 33 creatures vanquished

Notes
Turn   | Place    | Note
-------+----------+-------------------------------------------
     0 | D:1      | promet the Octopode Hedge Wizard began the quest for the
                  | Orb.
     0 | D:1      | Reached XP level 1. HP: 11/11 MP: 4/4
   418 | D:1      | Reached XP level 2. HP: 17/17 MP: 0/6
   476 | D:1      | Learned a level 1 spell: Slow
   479 | D:1      | Learned a level 2 spell: Blink
   482 | D:1      | Learned a level 2 spell: Call Imp
  1387 | D:1      | Reached skill level 1 in Fighting
  1415 | D:1      | Reached XP level 3. HP: 23/23 MP: 5/8
  1787 | D:2      | Noticed Sigmund
  2399 | D:2      | HP: 1/23 [gnoll/+0 spear (4)]
  2404 | D:2      | Slain by a gnoll

Illustrated notes

Levels and vault maps discovered:
D:1:      dpeg_arrival_houses_and_road, layout_loops_ring
D:2:      layout_basic, basic_altar, uniq_sigmund, uniq_terence

Skill      XL: |  1  2 |
---------------+-------+-----
Fighting       | 1 |  1.3
Dodging        | |  2.1
Stealth        | |  2.9
Spellcasting   | |  3.8
Conjurations   | |  1.1
Hexes          | |  0.4
Summonings     | |  1.0
Translocations | |  1.0

Action                     || total
---------------------------++-------
  Melee: Dagger            ||    33
         Constrict         ||    12
         Tentacles         ||     9
         Short sword       ||     8
         Punch             ||     1
   Cast: Magic Dart        ||    37
         Call Imp          ||     7
         Slow              ||     3
         Blink             ||     1
    Use: Scroll            ||     7
         Potion            ||     3
   Stab: Sleeping          ||     6
 Armour: Skin              ||    26
  Dodge: Dodged            ||    26

Table legend: (Time is in decaauts)
 A = Elapsed time spent in this place.
 B = Non-inter-level travel time spent in this place.
 C = Inter-level travel time spent in this place.
 D = Time resting spent in this place.
 E = Time spent auto-exploring this place.
 F = Levels seen in this place.
 G = Mean time per level.
                   A        B        C        D        E       F      G
               +--------+--------+--------+--------+--------+-----+--------+
         Total |   2396 |   2313 |     83 |   1200 |    315 |   2 | 1198.0 |
       Dungeon |   2396 |   2313 |     83 |   1200 |    315 |   2 | 1198.0 |
               +--------+--------+--------+--------+--------+-----+--------+

Top non-repeatable levels by time:
     D:1: 1808 daAuts
     D:2: 588 daAuts
